 Dungeon Sprint DCSS version 0.30-a0-170-g85af917532 (webtiles) character file.

Game seed: 12769793171848234213

425 rocky1 the Spear-Bearer (level 6, -7/51 HPs)
             Began as a Draconian Monk on Oct 1, 2022.
             Was the Champion of Cheibriados.
             Mangled by a freezing wraith (23 damage)
             ... in the Dungeon (Sprint VII: "The Pits").
             The game lasted 00:01:47 (466 turns).

rocky1 the Spear-Bearer (Draconian Monk)             Turns: 466, Time: 00:01:48

Health: -7/51      AC:  6    Str: 28    XL:     6   Next: 64%
Magic:  6/6        EV: 14    Int: 27    God:    Cheibriados [******]
Gold:   0          SH:  0    Dex: 29    Spells: 5/5 levels left

rFire   . . .      SeeInvis .    m - +1 trident (vorpal)
rCold   . . .      Faith    .    (no shield)
rNeg    . . .      Spirit   .    (body armour unavailable)
rPois   .          Reflect  .    (helmet restricted)
rElec   .          Harm     .    (no cloak)
rCorr   .          Rampage  .    (no gloves)
Will    .....      NoTele   +    (no boots)
Stlth   +++.......               (no amulet)
HPRegen 0.17/turn                (no ring)
MPRegen 0.10/turn                (no ring)

@: slowed, very slow
A: AC +6, unfitting armour, cold-blooded
a: Renounce Religion, Bend Time, Temporal Distortion, Slouch, Step From Time


You were in the Dungeon.
You worshipped Cheibriados.
Cheibriados was exalted by your worship.
You visited 1 branch

Inventory:

Hand Weapons
 m - a +1 vorpal trident (weapon)
Scrolls
 h - a scroll of blinking
 k - 5 scrolls of amnesia
 l - a scroll of summoning
Potions
 b - a potion of ambrosia
 c - 6 potions of curing
 d - 6 potions of heal wounds
 f - 4 potions of magic
 g - 3 potions of berserk rage
 j - 2 potions of invisibility


   Skills:
 - Level 3.2 Fighting
 + Level 14.4 Polearms
 - Level 2.6 Dodging
 - Level 1.7 Stealth


You had 5 spell levels left.
You didn't know any spells.
Your spell library was empty.

Dungeon Overview and Level Annotations

Branches:
Dungeon (1/1)

Altars:
Ashenzari
Cheibriados
Dithmenos
Elyvilon
Fedhas
Gozag
Hepliaklqana
Kikubaaqudgha
Makhleb
Nemelex Xobeh
Okawaru
Qazlal
Ru
Sif Muna
Trog
Uskayaw
Vehumet
Wu Jian
Xom
Yredelemnul
Zin
The Shining One
Jiyva
Lugonu


Innate Abilities, Weirdness & Mutations

Your plain brown scales are hard. (AC +6)
You cannot fit into any form of body armour.
You are cold-blooded and may be slowed by cold attacks.


Message History

No target in view!
No target in view!
You start resting.
Magic restored.
You open the door.
A rat comes into view.
You reach to attack!
The helpless rat fails to defend itself.
You impale the rat!!
You kill the rat!
Cheibriados thoroughly appreciates the change of pace.
There is an open door here.
You open the door.
A freezing wraith comes into view.
You reach to attack!
The helpless freezing wraith fails to defend itself.
You puncture the freezing wraith!
The freezing wraith is moderately damaged.
You hit the freezing wraith but do no damage.
You tail-slap the freezing wraith.
The freezing wraith is heavily damaged.
You hit the freezing wraith but do no damage.
The freezing wraith is heavily damaged.
The freezing wraith completely misses you.
The freezing wraith hits you but does no damage.
You puncture the freezing wraith!
The freezing wraith is severely damaged.
You closely miss the freezing wraith. You tail-slap the freezing wraith.
The freezing wraith is almost destroyed.
The freezing wraith hits you. The freezing wraith freezes you!!
The freezing wraith hits you. The freezing wraith drains your vigour!
You feel yourself slow down.
You barely miss the freezing wraith.
The freezing wraith is almost destroyed.
The freezing wraith completely misses you.
The freezing wraith hits you.
You hit the freezing wraith.
The freezing wraith is almost destroyed.
The freezing wraith hits you. The freezing wraith freezes you!!
You die...

#.#........##.......#
#'###########.......#
#.......# #########
#..###..# #....†..#
##.###.##+#
#...)...#.+
#..###..#W#
#.......'@#
###########


You could see a freezing wraith.

Vanquished Creatures
  A fire bat (D)
  2 floating eyes (D)
  A jelly (D)
  2 river rats (D)
  A white imp (D)
  A worm (D)
  An orc (D)
  A ball python (D)
  A bat zombie (D)
  A giant cockroach (D)
  3 jackals (D)
  A kobold (D)
  A quokka (D)
  2 rats (D)
19 creatures vanquished.

Notes
Turn   | Place    | Note
-------+----------+-------------------------------------------
     0 | D        | rocky1 the Draconian Monk began the quest for the Orb.
     0 | D        | Reached XP level 1. HP: 19/19 MP: 1/1
    18 | D        | Found a bloodstained altar of Trog.
    18 | D        | Found a shimmering blue altar of Sif Muna.
    18 | D        | Found a viscous altar of Jiyva.
    18 | D        | Found a hazy altar of Hepliaklqana.
    18 | D        | Found an opulent altar of Gozag.
    19 | D        | Found a glowing golden altar of the Shining One.
    19 | D        | Found a glowing silver altar of Zin.
    19 | D        | Found a basalt altar of Yredelemnul.
    19 | D        | Found a shimmering altar of Xom.
    19 | D        | Found an ornate altar of the Wu Jian Council.
    19 | D        | Found a sacrificial altar of Ru.
    19 | D        | Found a stormy altar of Qazlal.
    19 | D        | Found an iron altar of Okawaru.
    19 | D        | Found a sparkling altar of Nemelex Xobeh.
    19 | D        | Found a burning altar of Makhleb.
    19 | D        | Found a blossoming altar of Fedhas.
    19 | D        | Found a white marble altar of Elyvilon.
    19 | D        | Found a shadowy altar of Dithmenos.
    19 | D        | Found a snail-covered altar of Cheibriados.
    22 | D        | Found a corrupted altar of Lugonu.
    22 | D        | Found a radiant altar of Vehumet.
    23 | D        | Found an ancient bone altar of Kikubaaqudgha.
    23 | D        | Found a hide-covered altar of Uskayaw.
    23 | D        | Found a broken altar of Ashenzari.
    30 | D        | Became a worshipper of Cheibriados the Contemplative
    30 | D        | Reached * piety under Cheibriados
    30 | D        | Reached ** piety under Cheibriados
    73 | D        | Reached skill level 5 in Polearms
    73 | D        | Reached XP level 2. HP: 26/26 MP: 2/2
    79 | D        | Noticed a floating eye
    82 | D        | Paralysed by a floating eye for 2 turns
    87 | D        | Killed a floating eye
    88 | D        | Reached skill level 9 in Polearms
    88 | D        | Reached XP level 3. HP: 17/31 MP: 3/3
    88 | D        | Reached XP level 4. HP: 21/38 MP: 4/4
    88 | D        | Reached *** piety under Cheibriados
   231 | D        | Reached skill level 10 in Polearms
   239 | D        | Reached **** piety under Cheibriados
   245 | D        | Reached ***** piety under Cheibriados
   248 | D        | Reached XP level 5. HP: 21/45 MP: 5/5
   389 | D        | Noticed a floating eye
   393 | D        | Killed a floating eye
   394 | D        | Reached skill level 12 in Polearms
   395 | D        | Noticed a fire bat
   396 | D        | Killed a fire bat
   397 | D        | Reached skill level 14 in Polearms
   397 | D        | Reached XP level 6. HP: 51/51 MP: 0/6
   410 | D        | Reached ****** piety under Cheibriados
   459 | D        | Noticed a freezing wraith
   466 | D        | Mangled by a freezing wraith

Illustrated notes

Levels and vault maps discovered:
D:        pitsprint [storerooms_1, entrance_room_1, metal_vault_1, armoury_1,
          mini_pit_1, grid_room_1, main_hall_1, silver_pit, the_coven_2,
          the_vestibule_1, steel_vault_5, golden_pit, hallway_of_sentries,
          crystal_vault_6, iron_vault_1, final_vault]

Skill      XL: |  1  2  3  4  5 |
---------------+----------------+-----
Polearms       | 5 9 10 14 | 14.4
Fighting       | |  3.2
Dodging        | |  2.6
Stealth        | |  1.7

Action                   |  1- 3 |  4- 6 || total
-------------------------+-------+-------++-------
Melee: Trident           |    11 |    35 ||    46
       Spear             |     1 |       ||     1
       Tailslap          |     1 |     5 ||     6
Invok: Slouch            |       |     1 ||     1
 Stab: Sleeping          |     2 |     6 ||     8
Armor: Skin              |     3 |     9 ||    12
Dodge: Dodged            |    10 |    28 ||    38

Table legend: (Time is in decaauts)
 A = Elapsed time spent in this place.
 B = Non-inter-level travel time spent in this place.
 C = Inter-level travel time spent in this place.
 D = Time resting spent in this place.
 E = Time spent auto-exploring this place.
 F = Levels seen in this place.
 G = Mean time per level.
                   A        B        C        D        E       F      G
               +--------+--------+--------+--------+--------+-----+--------+
         Total |    526 |    471 |     55 |    265 |      0 |   1 |  526.0 |
       Dungeon |    526 |    471 |     55 |    265 |      0 |   1 |  526.0 |
               +--------+--------+--------+--------+--------+-----+--------+

Top non-repeatable levels by time:
       D: 526 daAuts
